 Dungeon Crawl Stone Soup version 0.30-a0-377-g5cb311bc9f (webtiles) character file.

Game seed: 16700690117621813809

1 Shayle the Conjurer (level 1, 0/16 HPs)
             Began as a Demonspawn Reaver on Nov 28, 2022.
             Slain by a kobold
             ... wielding a +0 dagger
              (2 damage)
             ... on level 1 of the Dungeon.
             The game lasted 00:00:40 (205 turns).

Shayle the Conjurer (Demonspawn Reaver)              Turns: 205, Time: 00:00:41

Health: 0/16       AC:  3    Str: 12    XL:     1   Next: 16%
Magic:  3/3        EV: 11    Int: 14    God:
Gold:   17         SH:  0    Dex: 11    Spells: 3/4 levels left

rFire   . . .      SeeInvis .    a - +0 hand axe
rCold   . . .      Faith    .    (no shield)
rNeg    . . .      Spirit   .    b - +0 leather armour
rPois   .          Reflect  .    (no helmet)
rElec   .          Harm     .    (no cloak)
rCorr   .          Rampage  .    (no gloves)
Will    .....                    (no boots)
Stlth   +.........               (no amulet)
HPRegen 0.22/turn                (no ring)
MPRegen 0.08/turn                (no ring)

@: no status effects
A: no striking features
a: no special abilities


You were on level 1 of the Dungeon.
You visited 1 branch of the dungeon, and saw 1 of its levels.

You collected 17 gold pieces.

Inventory:

Hand Weapons
 a - a +0 hand axe (weapon)
Armour
 b - a +0 leather armour (worn)
Scrolls
 c - a scroll of enchant weapon {unknown}


   Skills:
 + Level 2.0 Fighting
 + Level 2.7 Axes
 + Level 1.8 Dodging
 + Level 2.0 Spellcasting
 + Level 3.0 Conjurations


You had 3 spell levels left.
You knew the following spells:

 Your Spells              Type           Power      Damage    Failure   Level
a - Kiss of Death         Conj/Necr      20%        2d7       16%         1

Your spell library contained the following spells:

 Spells                   Type           Power      Damage    Failure   Level
 Momentum Strike          Conj/Tloc      10%        3d8       24%         2
 Hailstorm                Conj/Ice       5%         3d4       43%         3


Dungeon Overview and Level Annotations

Branches:
Dungeon (1/15)

Altars:


Message History

The hobgoblin is almost dead.
The kobold throws a stone.
The stone completely misses you. The hobgoblin barely misses you.
You barely miss the hobgoblin.
The hobgoblin is almost dead.
The hobgoblin hits you but does no damage.
You barely miss the hobgoblin.
The hobgoblin is almost dead.
You hit the kobold but do no damage. The kobold hits you but does no damage.
The hobgoblin barely misses you.
You closely miss the kobold. You hit the hobgoblin but do no damage.
The kobold hits you with a +0 dagger. The hobgoblin closely misses you.
Unknown command.
You barely miss the hobgoblin.
The hobgoblin is severely wounded.
You closely miss the kobold. You hit the endoplasm but do no damage.
The kobold hits you with a +0 dagger. The hobgoblin hits you.
The endoplasm barely misses you.
Unknown command.
You completely miss the kobold. You closely miss the hobgoblin.
You hit the endoplasm. The kobold hits you but does no damage.
The endoplasm misses you. The hobgoblin closely misses you.
The kobold closely misses you. The hobgoblin hits you.
The endoplasm freezes you.
You are frozen.
Unknown command.
You hit the endoplasm.
You kill the endoplasm!
You closely miss the kobold. You barely miss the hobgoblin.
The kobold hits you but does no damage. The hobgoblin hits you.
* * * LOW HITPOINT WARNING * * *
Unknown command.
You barely miss the kobold. You closely miss the hobgoblin.
The kobold closely misses you. The hobgoblin hits you.
* * * LOW HITPOINT WARNING * * *
Unknown command.
You hit the hobgoblin.
You kill the hobgoblin!
You miss the kobold. The kobold hits you with a +0 dagger.
You die...

..... ...... ...... #
...... .#
......###+##.#
......!......#
.......K.....#
.......@.....#
.............#
.............##### ###
..................
..####
.$...........####
.....#####............#
#....(..#####.......#.#
####.....## #...###.#.#
...###....###... #.#.#


You could see a kobold.

Vanquished Creatures
  An endoplasm (D:1)
  A hobgoblin (D:1)
2 creatures vanquished.

Notes
Turn   | Place    | Note
-------+----------+-------------------------------------------
     0 | D:1      | Shayle the Demonspawn Reaver began the quest for the Orb.
     0 | D:1      | Reached XP level 1. HP: 16/16 MP: 3/3
   205 | D:1      | Slain by a kobold

Illustrated notes

Levels and vault maps discovered:
D:1:      dpeg_arrival_circle_labyrinth_c, layout_basic

Action                   || total
-------------------------++-------
Melee: Hand axe          ||    10
Armor: Leather armour    ||     4
Dodge: Dodged            ||    13

Table legend: (Time is in decaauts)
 A = Elapsed time spent in this place.
 B = Non-inter-level travel time spent in this place.
 C = Inter-level travel time spent in this place.
 D = Time resting spent in this place.
 E = Time spent auto-exploring this place.
 F = Levels seen in this place.
 G = Mean time per level.
                   A        B        C        D        E       F      G
               +--------+--------+--------+--------+--------+-----+--------+
         Total |    206 |    206 |      0 |      0 |    187 |   1 |  206.0 |
       Dungeon |    206 |    206 |      0 |      0 |    187 |   1 |  206.0 |
               +--------+--------+--------+--------+--------+-----+--------+

Top non-repeatable levels by time:
     D:1: 206 daAuts
